AoeStats
← flynorc

Golden Pit

508538046Analyzed
1v1 RM · 9d ago on Sep 22, 2026· 27m 44s· 2 players
Game mode
Random Map
Map size
Tiny (2 player)
Population
200
Speed
Normal
Resources
Standard
Victory
Conquest
Starting age
Dark Age
Ending age
Imperial Age
RankedLock teamsTeams togetherTeam positionsShared explorationLock speedFull tech treeHidden civsTurbo modeCheats
Victory
Defeat
🇦🇷 Persians · Argentina
1518
+16
🇦🇹 Sicilians · Austria
1511
-16
flynorc
7:34 Loom
10:14 Feudal Age
16:27 Castle Age
14:59 Double-Bit Axe
15:51 Horse Collar
23:21 Gold Mining
23:49 Bow Saw
25:04 Ballistics
26:29 Fletching
Dani D
6:24 Loom
8:33 Feudal Age
9:28 Double-Bit Axe
12:44 Town Watch
18:52 Castle Age
17:10 Horse Collar
18:08 Fletching
19:24 Bodkin Arrow
19:48 Husbandry
20:45 Padded Archer Armor
24:46 Bow Saw
Connection lost

Rejoining the realm…

Still unreachable

The connection could not be restored.

Session expired

The server has moved on; the page needs a fresh start.